 Dungeon Crawl Stone Soup version 0.31-a0-960-g0fca184906 (webtiles) character file.

Game seed: 8736443961548529022

77 gelatine the Ruffian (level 4, -10/28 HPs)
             Began as an Octopode Shapeshifter on Oct 24, 2023.
             Mangled by a gnoll
             ... wielding a +0 halberd
              (16 damage)
             ... on level 2 of the Dungeon.
             The game lasted 00:04:44 (1493 turns).

gelatine the Ruffian (Octopode Shapeshifter)        Turns: 1493, Time: 00:04:44

Health: -10/28     AC:  1    Str: 15    XL:     4   Next: 33%
Magic:  4/4        EV: 13    Int: 12    God:
Gold:   69         SH:  0    Dex: 11    Spells: 3/3 levels left

rFire   . . .        h - +0 dagger (venom)
rCold   . . .        (no shield)
rNeg    . . .        (helmet currently unavailable)
rPois   .            (no amulet)
rElec   .            (no ring)
rCorr   .            (no ring)
SInv    .            (no ring)
Will    .....        (no ring)
Stlth   +++          (no ring)
HPRegen 0.24/turn    (no ring)
MPRegen 0.09/turn    (no ring)
                     (no ring)

%: no passive effects
@: beast-form
A: beast (slay +2), almost no armour, amphibious, 8 rings, camouflage 1,
gelatinous body 1, (nimble swimmer 1), tentacles
a: Begin Untransformation


You were on level 2 of the Dungeon.
You were a hulking beast.
You visited 1 branch of the dungeon, and saw 2 of its levels.

You collected 69 gold pieces.

Inventory:

Hand Weapons
 h - a +0 dagger of venom (weapon)
Missiles
 d - 13 stones (quivered)
 k - 2 silver javelins
Talismans
 b - a beast talisman
 c - a flux talisman
 g - a serpent talisman
Scrolls
 e - 2 scrolls of teleportation {unknown}
 f - a scroll of noise
 j - a scroll of fog {unknown}
 m - a scroll of blinking {unknown}
Potions
 a - a potion of lignification
 i - a potion of curing
 l - a potion of magic
 n - 2 potions of brilliance {unknown}
 o - a potion of invisibility {unknown}


   Skills:
 * Level 1.1 Fighting
 * Level 0.9 Short Blades
 + Level 0.6 Throwing
 + Level 2.0 Dodging
 * Level 2.4 Stealth
 + Level 3.6 Unarmed Combat
 * Level 3.5 Shapeshifting


You had 3 spell levels left.
You didn't know any spells.
Your spell library was empty.

Dungeon Overview and Level Annotations

Branches:
Dungeon (2/15)

Altars:

Shops:
D:2 :


Innate Abilities, Weirdness & Mutations

You are a hulking beast.
Your limbs bulge with bestial killing power. (Slay +2)
You cannot wear most types of armour.
You are amphibious.
You can wear up to eight rings at the same time.
Your skin changes colour to match your surroundings (Stealth+).
Your rubbery body absorbs attacks. (AC +1, EV +1)
((You are camouflaged when in or above water. (Stealth+)))
You have tentacles for arms and can constrict up to eight enemies at once.


Message History

You kill the dart slug!
You see here a dart slug corpse. 2 gnolls come into view.
The gnoll shouts!
You hear a shout!
The gnoll shouts!
You hear a shout!
You hear an angry hiss.
You hear a shout!
A gnoll comes into view. It is wielding a +0 club.
A gnoll comes into view. It is wielding a +0 whip.
You see here a clear potion.
o - a clear potion The gnoll hits you with a +0 club.
You barely miss the gnoll. Your grab misses the gnoll. The gnoll misses you.
You hit the gnoll. You grab the gnoll.
The gnoll is lightly wounded.
You constrict the gnoll. The gnoll closely misses you.
You barely miss the gnoll. You squeeze the gnoll.
The gnoll is heavily wounded.
You constrict the gnoll. The gnoll hits you with a +0 club.
You hit the gnoll.
The gnoll is poisoned.
The gnoll is severely wounded.
You constrict the gnoll. The gnoll closely misses you.
You hit the gnoll.
You kill the gnoll!
Your Stealth skill increases to level 2!
You have reached level 4!
You hit the gnoll.
The gnoll is poisoned.
You grab the gnoll. You squeeze the gnoll!
You kill the gnoll!
The gnoll hits you with a +0 halberd!
Ouch! That really hurt!
* * * LOW HITPOINT WARNING * * *
Things that are here:
a +0 club; a +0 club You closely miss the gnoll.
The gnoll shouts!
You grab the gnoll. You constrict the gnoll. The gnoll barely misses you.
You hit the gnoll.
The gnoll is lightly wounded.
You constrict the gnoll. The gnoll hits you with a +0 halberd!
Ouch! That really hurt!
You die...

. .. .# ... .# ..gg .#
.....#### .# ........# .#
##.####### .# #..g.gh..##
.##########..#####..+
................#...#
.##############.#..##....
.# #.........#.#.#.....#
.####.#######.#.#.#.....#
........# #.#...#.....#
........#####...#.#.....#
................#.#.....#


You could see 2 gnolls.

Vanquished Creatures
  An adder (D:2)
  2 gnolls (D:2)
  A worm (D:2)
  4 dart slugs
  6 bats
  2 endoplasms
  2 goblins (D:1)
  5 hobgoblins
  3 kobolds (D:1)
  5 ball pythons
  3 frilled lizards
  2 rats (D:1)
36 creatures vanquished.

Notes
Turn   | Place    | Note
-------+----------+-------------------------------------------
     0 | D:1      | gelatine the Octopode Shapeshifter began the quest for the
                  | Orb.
     0 | D:1      | Reached XP level 1. HP: 13/13 MP: 1/1
   155 | D:1      | Reached XP level 2. HP: 16/18 MP: 2/2
   486 | D:1      | Reached skill level 1 in Stealth
   548 | D:1      | Reached XP level 3. HP: 17/23 MP: 3/3
  1313 | D:2      | Found Quaph's Book Boutique.
  1490 | D:2      | Reached XP level 4. HP: 20/28 MP: 4/4
  1493 | D:2      | Mangled by a gnoll

Illustrated notes

Levels and vault maps discovered:
D:1:      eino_arrival_water_star, layout_loops_corners, serial_forest,
          infiniplex_forest_join, infiniplex_forest_straight_3,
          infiniplex_forest_lined_room_2, infiniplex_forest_straight_4,
          infiniplex_forest_end_2, infiniplex_forest_clump_diagonal
D:2:      layout_basic, serial_shops, nicolae_shop_stone,
          uniq_crazy_yiuf_cottage

Skill      XL: |  1  2  3 |
---------------+----------+-----
Stealth        | 1 2 |  2.4
Fighting       | |  1.1
Short Blades   | |  0.9
Throwing       | |  0.6
Dodging        | |  2.0
Unarmed Combat | |  3.6
Shapeshifting  | |  3.5

Action                     |  1- 3 |  4- 6 || total
---------------------------+-------+-------++-------
  Melee: Unarmed           |    12 |       ||    12
         Constrict         |    16 |     2 ||    18
         Tentacles         |    29 |     1 ||    30
         Dagger            |    94 |     3 ||    97
         Punch             |     2 |       ||     2
  Throw: Stone             |     7 |       ||     7
    Use: Scroll            |     3 |       ||     3
   Stab: Sleeping          |     9 |       ||     9
 Armour: Skin              |    19 |     2 ||    21
  Dodge: Dodged            |    27 |     1 ||    28

Table legend: (Time is in decaauts)
 A = Elapsed time spent in this place.
 B = Non-inter-level travel time spent in this place.
 C = Inter-level travel time spent in this place.
 D = Time resting spent in this place.
 E = Time spent auto-exploring this place.
 F = Levels seen in this place.
 G = Mean time per level.
                   A        B        C        D        E       F      G
               +--------+--------+--------+--------+--------+-----+--------+
         Total |   1489 |   1447 |     42 |      0 |   1093 |   2 |  744.5 |
       Dungeon |   1489 |   1447 |     42 |      0 |   1093 |   2 |  744.5 |
               +--------+--------+--------+--------+--------+-----+--------+

Top non-repeatable levels by time:
     D:1: 1191 daAuts
     D:2: 298 daAuts
